AoeStats
← Kraken

Arabian Desert

510429728Analyzed
1v1 RM · 17h ago on Oct 1, 2026· 29m 12s· 2 players
Game mode
Random Map
Map size
Tiny (2 player)
Population
200
Speed
Normal
Resources
Standard
Victory
Conquest
Starting age
Dark Age
Ending age
Imperial Age
RankedLock teamsTeams togetherTeam positionsShared explorationLock speedFull tech treeHidden civsTurbo modeCheats
Victory
Defeat
🇦🇷 Goths · Argentina
1336
+17
🇺🇸 Cumans · United States
1366
-17
Kraken
3:40 Loom
9:47 Feudal Age
9:56 Man-at-Arms
17:38 Scale Mail Armor
18:15 Forging
23:46 Castle Age
24:31 Padded Archer Armor
24:46 Chain Mail Armor
25:22 Iron Casting
24:10 Long Swordsman
24:51 Squires
25:06 Double-Bit Axe
25:11 Horse Collar
RumuRaisin
10:00 Feudal Age
10:27 Loom
Connection lost

Rejoining the realm…

Still unreachable

The connection could not be restored.

Session expired

The server has moved on; the page needs a fresh start.